General information
- name: BNet
- type: Ladder team game (AT/RT)
- host: Battle.net
- saver: BEAR_AND
map: UpperKingdom
- players: 6
- length: 39:49
- speed: Fast
- version: 1.21 W3XP
- replay type:

» download(292 KB)
Players
team 1 (loser)
randomsucker (
orange | 173 APM | 1721 actions | 09:56)
2 Blademaster
1 Wind Walk
1 Critical Strike
» actions
| Assign group hotkey | 92 | |
| Basic commands | 176 | |
| Build / train | 44 | |
| ESC pressed | 14 | |
| Enter build submenu | 15 | |
| Enter hero's abilities submenu | 2 | |
| Right click | 722 | |
| Select / deselect | 209 | |
| Select group hotkey | 382 | |
| Use ability | 65 | |
1721 total
» units
| Peon | 12 | |
| Grunt | 7 | |
| Wind Rider | 5 | |
| Troll Batrider | 5 | |
29 total
» upgrades
» buildings
| Altar of Storms | 2 | |
| Orc Burrow | 4 | |
| Barracks | 1 | |
| Voodoo Lounge | 5 | |
| Stronghold | 2 | |
| Beastiary | 2 | |
| Fortress | 2 | |
18 total
» build order
00:06 Altar of Storms
00:09 Altar of Storms
00:20 Orc Burrow
00:37 Barracks
01:27 Orc Burrow
02:03 Voodoo Lounge
03:02 Stronghold
03:23 Voodoo Lounge
03:55 Orc Burrow
03:58 Voodoo Lounge
04:42 Voodoo Lounge
05:03 Voodoo Lounge
05:32 Beastiary
05:33 Beastiary
06:31 Fortress
06:31 Fortress
08:22 Orc Burrow
» items
| Lesser Clarity Potion | 1 | |
| Scroll of Regeneration | 1 | |
| Healing Salve | 1 | |
3 total
reg-tb18 (
pink | 89 APM | 3535 actions | 39:47)
5 Demon Hunter
3 Mana Burn
2 Evasion
4 Blademaster
1 Wind Walk
2 Critical Strike
1 Bladestorm
» actions
| Assign group hotkey | 141 | |
| Basic commands | 27 | |
| Build / train | 110 | |
| ESC pressed | 24 | |
| Enter build submenu | 26 | |
| Enter hero's abilities submenu | 9 | |
| Give item / drop item | 10 | |
| Remove unit from queue | 1 | |
| Right click | 1830 | |
| Select / deselect | 426 | |
| Select group hotkey | 698 | |
| Use ability | 233 | |
3535 total
» units
| Wisp | 27 | |
| Huntress | 4 | |
| Hippogryph | 9 | |
| Archer | 7 | |
| Troll Batrider | 1 | |
| Chimaera | 6 | |
54 total
» upgrades
| Hippogryph Taming | 1 | |
| Improved Bows | 1 | |
| Strength of the Moon | 3 | |
| Nature's Blessing | 1 | |
| Moon Armor | 1 | |
| Strength of the Wild | 3 | |
| Marksmanship | 1 | |
| Corrosive Breath | 1 | |
| Reinforced Hides | 3 | |
| Well Spring | 1 | |
16 total
» buildings
| Altar of Elders | 1 | |
| Moon Well | 9 | |
| Hunter's Hall | 1 | |
| Ancient of War | 1 | |
| Tree of Ages | 1 | |
| Ancient of Wind | 1 | |
| Ancient of Lore | 1 | |
| Tree of Eternity | 2 | |
| Chimaera Roost | 3 | |
| Tree of Life | 5 | |
| Orc Burrow | 1 | |
26 total
» build order
00:06 Altar of Elders
00:18 Moon Well
01:43 Hunter's Hall
01:49 Ancient of War
02:14 Moon Well
02:17 Moon Well
04:08 Tree of Ages
04:47 Moon Well
07:01 Ancient of Wind
07:04 Ancient of Lore
14:00 Moon Well
16:00 Tree of Eternity
16:00 Tree of Eternity
17:34 Moon Well
17:35 Moon Well
19:13 Chimaera Roost
19:14 Chimaera Roost
20:07 Chimaera Roost
20:09 Moon Well
20:11 Moon Well
20:55 Tree of Life
23:03 Tree of Life
26:55 Orc Burrow
27:29 Tree of Life
30:16 Tree of Life
31:44 Tree of Life
» items
| Lesser Clarity Potion | 4 | |
| Healing Salve | 4 | |
| Potion of Healing | 11 | |
| Staff of Sanctuary | 1 | |
| Orb of Lightning | 2 | |
| Scroll of Town Portal | 3 | |
25 total
TsW.Hisui (
red | 143 APM | 5687 actions | 39:44)
3 Archmage
2 Blizzard
1 Brilliance Aura
2 Pandaren Brewmaster
1 Breath of Fire
1 Drunken Haze
» actions
| Assign group hotkey | 71 | |
| Basic commands | 92 | |
| Build / train | 186 | |
| ESC pressed | 21 | |
| Enter build submenu | 139 | |
| Enter hero's abilities submenu | 5 | |
| Right click | 1973 | |
| Select / deselect | 1141 | |
| Select group hotkey | 1833 | |
| Use ability | 225 | |
5687 total
» units
| Peasant | 37 | |
| Footman | 2 | |
| Dragonhawk Rider | 13 | |
| Troll Batrider | 27 | |
| Gryphon Rider | 3 | |
| Siege Engine | 15 | |
| Flying Machine | 2 | |
99 total
» upgrades
| Lumber Harvesting | 1 | |
| Animal War Training | 1 | |
| Cloud | 1 | |
| Liquid Fire | 1 | |
| Storm Hammers | 1 | |
| Flak Cannons | 1 | |
| Armor | 2 | |
| Barrage | 1 | |
| Plating | 3 | |
| Masonry | 2 | |
| Magic Sentry | 1 | |
15 total
» buildings
| Altar of Kings | 2 | |
| Farm | 19 | |
| Barracks | 2 | |
| Arcane Vault | 2 | |
| Keep | 3 | |
| Lumber Mill | 2 | |
| Scout Tower | 41 | |
| Guard Tower | 24 | |
| Blacksmith | 1 | |
| Gryphon Aviary | 4 | |
| Castle | 3 | |
| Orc Burrow | 2 | |
| Workshop | 3 | |
| Town Hall | 5 | |
| Beastiary | 2 | |
| Arcane Sanctum | 1 | |
| Arcane Tower | 2 | |
118 total
» build order
00:02 Altar of Kings
00:03 Altar of Kings
00:15 Farm
00:16 Farm
01:10 Barracks
01:30 Farm
02:06 Arcane Vault
03:03 Keep
03:03 Keep
03:55 Lumber Mill
04:14 Scout Tower
05:09 Guard Tower
05:10 Scout Tower
05:14 Arcane Vault
05:33 Blacksmith
06:09 Gryphon Aviary
06:14 Gryphon Aviary
06:27 Gryphon Aviary
07:18 Gryphon Aviary
07:48 Castle
07:48 Castle
08:18 Farm
08:18 Farm
08:24 Guard Tower
08:25 Guard Tower
08:41 Farm
09:43 Guard Tower
09:43 Guard Tower
09:44 Guard Tower
09:44 Guard Tower
10:17 Orc Burrow
10:49 Farm
10:49 Farm
11:46 Farm
11:47 Farm
11:48 Farm
13:52 Workshop
15:44 Town Hall
16:37 Barracks
16:38 Lumber Mill
19:11 Workshop
20:25 Farm
20:26 Farm
20:52 Workshop
21:24 Farm
21:25 Farm
22:20 Farm
23:01 Farm
24:00 Farm
24:09 Farm
24:40 Beastiary
24:43 Beastiary
27:06 Town Hall
28:04 Orc Burrow
28:35 Scout Tower
29:30 Scout Tower
29:31 Scout Tower
29:31 Scout Tower
29:32 Scout Tower
29:32 Scout Tower
29:32 Scout Tower
29:33 Guard Tower
29:34 Arcane Sanctum
29:38 Scout Tower
29:41 Scout Tower
29:42 Scout Tower
30:18 Guard Tower
30:27 Town Hall
31:09 Scout Tower
31:39 Arcane Tower
31:39 Arcane Tower
31:40 Scout Tower
32:10 Scout Tower
32:10 Scout Tower
32:32 Guard Tower
32:43 Town Hall
32:44 Guard Tower
32:44 Guard Tower
33:10 Scout Tower
33:10 Scout Tower
33:11 Scout Tower
33:11 Scout Tower
33:12 Scout Tower
33:25 Town Hall
33:42 Guard Tower
33:44 Scout Tower
33:47 Scout Tower
33:47 Scout Tower
33:48 Scout Tower
34:38 Scout Tower
34:41 Scout Tower
35:17 Guard Tower
35:17 Guard Tower
35:21 Guard Tower
35:44 Scout Tower
35:45 Scout Tower
35:57 Scout Tower
35:58 Scout Tower
35:58 Scout Tower
35:58 Scout Tower
36:03 Scout Tower
36:09 Scout Tower
36:09 Scout Tower
36:10 Scout Tower
36:38 Guard Tower
37:16 Guard Tower
37:17 Guard Tower
37:19 Scout Tower
37:40 Scout Tower
38:41 Guard Tower
38:58 Guard Tower
39:09 Scout Tower
» items
| Scroll of Regeneration | 3 | |
| Lesser Clarity Potion | 1 | |
| Ivory Tower | 7 | |
| Potion of Healing | 1 | |
12 total
team 2 (winner)
BEAR_AND (
yellow | 103 APM | 4101 actions | 39:49)
6 Blademaster
3 Wind Walk
2 Critical Strike
1 Bladestorm
» actions
| Assign group hotkey | 21 | |
| Basic commands | 6 | |
| Build / train | 103 | |
| Enter build submenu | 100 | |
| Enter hero's abilities submenu | 6 | |
| Give item / drop item | 8 | |
| Right click | 2525 | |
| Select / deselect | 513 | |
| Select group hotkey | 580 | |
| Use ability | 239 | |
4101 total
» units
» upgrades
| Ranged Weapons | 2 | |
| Liquid Fire | 1 | |
| Armor | 1 | |
4 total
» buildings
| Altar of Storms | 1 | |
| Orc Burrow | 4 | |
| War Mill | 1 | |
| Watch Tower | 70 | |
| Stronghold | 1 | |
| Voodoo Lounge | 1 | |
| Beastiary | 3 | |
| Fortress | 1 | |
| Great Hall | 3 | |
85 total
» build order
00:17 Altar of Storms
00:21 Orc Burrow
00:36 War Mill
01:49 Watch Tower
02:09 Watch Tower
02:53 Watch Tower
02:54 Watch Tower
03:07 Watch Tower
03:12 Watch Tower
03:34 Watch Tower
03:56 Watch Tower
03:58 Watch Tower
04:19 Watch Tower
04:28 Watch Tower
04:30 Watch Tower
05:10 Stronghold
05:14 Watch Tower
05:18 Orc Burrow
05:22 Voodoo Lounge
05:34 Watch Tower
05:38 Watch Tower
05:39 Watch Tower
05:53 Watch Tower
06:21 Watch Tower
06:44 Watch Tower
06:55 Watch Tower
07:30 Watch Tower
07:41 Beastiary
07:44 Beastiary
08:17 Watch Tower
08:25 Fortress
08:34 Watch Tower
08:36 Watch Tower
09:11 Watch Tower
09:25 Watch Tower
09:30 Watch Tower
09:36 Watch Tower
09:47 Watch Tower
09:58 Watch Tower
11:36 Orc Burrow
11:54 Orc Burrow
12:22 Watch Tower
12:24 Watch Tower
16:44 Watch Tower
16:46 Watch Tower
16:50 Watch Tower
17:23 Great Hall
17:32 Watch Tower
17:53 Watch Tower
18:05 Watch Tower
19:01 Watch Tower
19:02 Watch Tower
19:04 Watch Tower
20:41 Great Hall
22:26 Watch Tower
22:37 Watch Tower
22:48 Watch Tower
23:54 Watch Tower
24:25 Watch Tower
25:04 Watch Tower
25:05 Watch Tower
25:07 Watch Tower
26:18 Watch Tower
26:19 Watch Tower
26:19 Watch Tower
26:32 Watch Tower
27:04 Beastiary
27:51 Watch Tower
29:03 Watch Tower
31:04 Watch Tower
37:02 Great Hall
37:20 Watch Tower
37:21 Watch Tower
37:22 Watch Tower
37:23 Watch Tower
37:24 Watch Tower
37:25 Watch Tower
37:27 Watch Tower
37:28 Watch Tower
38:25 Watch Tower
39:01 Watch Tower
39:02 Watch Tower
39:15 Watch Tower
39:16 Watch Tower
39:26 Watch Tower
» items
| Healing Salve | 3 | |
| Lesser Clarity Potion | 6 | |
| Orb of Lightning | 1 | |
10 total
iggy_the_fisk (
blue | 88 APM | 3496 actions | 39:47)
5 Archmage
3 Blizzard
2 Brilliance Aura
2 Mountain King
1 Storm Bolt
1 Bash
» actions
| Assign group hotkey | 290 | |
| Basic commands | 2 | |
| Build / train | 132 | |
| Enter build submenu | 106 | |
| Enter hero's abilities submenu | 7 | |
| Give item / drop item | 2 | |
| Remove unit from queue | 11 | |
| Right click | 1947 | |
| Select / deselect | 502 | |
| Select group hotkey | 283 | |
| Use ability | 214 | |
3496 total
» units
» upgrades
| Masonry | 3 | |
| Lumber Harvesting | 2 | |
| Magic Sentry | 1 | |
6 total
» buildings
| Altar of Kings | 3 | |
| Lumber Mill | 4 | |
| Farm | 5 | |
| Scout Tower | 87 | |
| Arcane Tower | 9 | |
| Guard Tower | 43 | |
| Town Hall | 3 | |
| Keep | 3 | |
| Castle | 1 | |
| Arcane Sanctum | 1 | |
| Arcane Vault | 2 | |
161 total
» build order
00:06 Altar of Kings
00:18 Lumber Mill
00:27 Farm
01:00 Farm
01:13 Scout Tower
01:15 Scout Tower
01:41 Arcane Tower
01:42 Scout Tower
01:45 Arcane Tower
02:01 Scout Tower
02:32 Guard Tower
02:33 Scout Tower
02:35 Scout Tower
03:27 Guard Tower
04:57 Guard Tower
06:01 Scout Tower
06:05 Scout Tower
06:08 Scout Tower
06:16 Guard Tower
06:17 Scout Tower
06:18 Scout Tower
06:50 Guard Tower
06:51 Scout Tower
06:53 Scout Tower
07:08 Scout Tower
07:10 Guard Tower
07:19 Guard Tower
07:20 Scout Tower
07:46 Guard Tower
07:46 Scout Tower
08:47 Guard Tower
08:49 Scout Tower
08:50 Scout Tower
09:42 Guard Tower
09:43 Scout Tower
09:45 Scout Tower
09:47 Scout Tower
09:47 Guard Tower
10:49 Guard Tower
10:51 Scout Tower
10:53 Scout Tower
11:35 Scout Tower
11:37 Scout Tower
11:39 Guard Tower
11:40 Scout Tower
11:41 Scout Tower
12:02 Arcane Tower
14:05 Scout Tower
14:07 Scout Tower
14:56 Guard Tower
16:32 Town Hall
17:13 Guard Tower
19:56 Altar of Kings
21:37 Town Hall
22:21 Scout Tower
22:23 Scout Tower
23:13 Guard Tower
23:13 Guard Tower
23:13 Guard Tower
23:38 Scout Tower
23:40 Scout Tower
23:56 Scout Tower
23:57 Scout Tower
23:58 Guard Tower
24:09 Guard Tower
24:26 Guard Tower
24:27 Keep
24:27 Keep
24:31 Guard Tower
24:36 Scout Tower
24:37 Scout Tower
24:56 Guard Tower
24:57 Scout Tower
25:03 Scout Tower
25:16 Scout Tower
25:21 Guard Tower
25:22 Scout Tower
25:23 Scout Tower
25:27 Guard Tower
25:30 Scout Tower
25:55 Scout Tower
25:57 Guard Tower
26:35 Guard Tower
27:01 Town Hall
27:56 Keep
28:17 Scout Tower
28:19 Scout Tower
28:20 Scout Tower
29:33 Lumber Mill
29:34 Lumber Mill
30:27 Lumber Mill
30:43 Scout Tower
30:44 Scout Tower
30:46 Scout Tower
30:47 Scout Tower
30:50 Altar of Kings
31:22 Farm
31:27 Farm
31:39 Scout Tower
31:43 Scout Tower
31:45 Scout Tower
31:47 Scout Tower
31:50 Scout Tower
31:50 Scout Tower
31:52 Scout Tower
31:53 Scout Tower
32:18 Farm
32:19 Guard Tower
32:19 Castle
32:22 Arcane Sanctum
32:23 Guard Tower
32:25 Guard Tower
32:26 Scout Tower
32:27 Scout Tower
32:30 Guard Tower
32:31 Scout Tower
32:35 Scout Tower
32:37 Scout Tower
32:41 Scout Tower
32:42 Scout Tower
32:48 Guard Tower
33:00 Guard Tower
33:02 Arcane Vault
33:11 Guard Tower
33:20 Scout Tower
33:24 Scout Tower
33:35 Guard Tower
34:31 Guard Tower
35:35 Scout Tower
35:36 Scout Tower
36:03 Guard Tower
37:07 Scout Tower
37:09 Scout Tower
37:10 Scout Tower
37:14 Scout Tower
37:17 Scout Tower
37:23 Scout Tower
37:26 Scout Tower
37:30 Guard Tower
37:55 Arcane Tower
37:58 Arcane Tower
37:58 Guard Tower
37:59 Scout Tower
38:00 Scout Tower
38:04 Scout Tower
38:05 Arcane Vault
38:23 Arcane Tower
38:33 Arcane Tower
38:36 Scout Tower
39:02 Guard Tower
39:03 Guard Tower
39:04 Scout Tower
39:05 Scout Tower
39:13 Arcane Tower
39:16 Scout Tower
39:25 Scout Tower
39:34 Scout Tower
39:36 Scout Tower
39:40 Arcane Tower
39:48 Guard Tower
» items
| Healing Salve | 1 | |
| Lesser Clarity Potion | 1 | |
| Potion of Healing | 1 | |
| Scroll of Regeneration | 1 | |
| Orb of Lightning | 1 | |
5 total
TIMG4STRok (
purple | 75 APM | 2983 actions | 39:48)
5 Warden
3 Shadow Strike
2 Blink
5 Pandaren Brewmaster
3 Breath of Fire
2 Drunken Haze
» actions
| Assign group hotkey | 4 | |
| Basic commands | 100 | |
| Build / train | 48 | |
| ESC pressed | 1 | |
| Enter build submenu | 11 | |
| Enter hero's abilities submenu | 10 | |
| Give item / drop item | 8 | |
| Right click | 1573 | |
| Select / deselect | 214 | |
| Select group hotkey | 855 | |
| Use ability | 159 | |
2983 total
» units
» upgrades
» buildings
| Altar of Elders | 2 | |
| Moon Well | 6 | |
| Tree of Ages | 2 | |
| Tree of Life | 2 | |
| Ancient of Wind | 1 | |
13 total
» build order
00:11 Altar of Elders
00:36 Moon Well
01:43 Moon Well
02:40 Moon Well
05:52 Moon Well
07:12 Moon Well
08:10 Tree of Ages
13:27 Altar of Elders
13:29 Moon Well
14:11 Tree of Life
27:59 Tree of Life
30:11 Tree of Ages
37:15 Ancient of Wind
» items
| Potion of Healing | 1 | |
| Potion of Mana | 1 | |
| Lesser Clarity Potion | 4 | |
| Healing Salve | 4 | |
| Orb of Lightning | 2 | |
12 total
Chat log
(00:12 / All) BEAR_AND: you guys go to university of toronto?
(00:27 / All) TsW.Hisui: lol
(00:48 / All) BEAR_AND: well???
(00:50 / Allies) iggy_the_fisk: worst feed good game
(00:52 / Allies) iggy_the_fisk: game over tim sucks
(01:09 / Allies) iggy_the_fisk: let the replay record show tim is feeding horribly
(01:23 / Allies) TIMG4STRok: let the replay show im pwning VGDF as i play, im capoable of multitask
(01:29 / Allies) BEAR_AND: obv not
(01:30 / Allies) BEAR_AND: late late mill
(01:38 / Allies) TIMG4STRok: suck a dick and eat a shit
(01:55 / Allies) iggy_the_fisk: little known fact timg4strok is a father of 3 dead babies
(01:59 / Allies) iggy_the_fisk: died of starvation
(02:24 / Allies) iggy_the_fisk: WAAH WAAHWAAH they cried
(02:30 / Allies) iggy_the_fisk: "hold on daddy is posting in vgdf"
(03:10 / Allies) TIMG4STRok: my vent is fucking up
(03:58 / Allies) iggy_the_fisk: sweet harass tim
(04:13 / Allies) TIMG4STRok: i got 5 peasant
(04:19 / Allies) iggy_the_fisk: just what we needed
(04:20 / Allies) TIMG4STRok: or maybe 4
(04:55 / Allies) iggy_the_fisk: another sweet feed
(05:19 / Allies) iggy_the_fisk: 4 peasant surround
(09:19 / All) BEAR_AND: good wyv use
(14:05 / Allies) TIMG4STRok: gold
(14:05 / Allies) TIMG4STRok: for
(14:06 / Allies) TIMG4STRok: a
(14:06 / Allies) TIMG4STRok: main
(20:55 / Allies) TIMG4STRok: gold
(32:14 / All) BEAR_AND: ty